 Dungeon Sprint DCSS version 0.26-a0-651-gb41185065b (webtiles) character file.

Game seed: 16983419021525276824

28 sahdkjhfkaj the Digger (level 3, -1/21 HPs)
             Began as an Octopode Earth Elementalist on Sept 29, 2020.
             Slain by Erica
             ... wielding a +2 scimitar of flaming
              (2 damage)
             ... in the Dungeon (Sprint VII: "The Pits").
             The game lasted 00:00:37 (579 turns).

sahdkjhfkaj the Digger (Octopode Earth Elementalist) Turns: 579, Time: 00:00:38

Health: -1/21      AC:  1    Str:  7    XL:     3   Next: 12%
Magic:  1/7        EV: 14    Int: 18    God:
Gold:   0          SH:  0    Dex: 12    Spells: 7/8 levels left

rFire    . . .     SeeInvis .   (no weapon)
rCold    . . .     Faith    .   (no shield)
rNeg     . . .     Spirit   .   (helmet restricted)
rPois    .         Reflect  .   (no amulet)
rElec    .         Harm     .   (no ring)
rCorr    .         Rampage  .   (no ring)
MR       .....     NoTele   +   (no ring)
Stlth    +++.......             (no ring)
HPRegen  0.07/turn              (no ring)
MPRegen  0.10/turn              (no ring)
                                (no ring)
                                (no ring)

@: hasted, very quick
A: almost no armour, stealthy swim, amphibious, 8 rings, constrict 8, camouflage
1, gelatinous body 1
a: no special abilities


You were in the Dungeon.
You visited 1 branch

Inventory:

Missiles
 b - 20 stones (quivered)
Scrolls
 h - a scroll of blinking
Potions
 f - 2 potions of magic


   Skills:
 + Level 3.0 Dodging
 + Level 4.0 Stealth
 + Level 0.3 Unarmed Combat
 + Level 3.2 Spellcasting
   Level 1.0 Transmutations
 + Level 5.0 Earth Magic


You had 7 spell levels left.
You knew the following spells:

 Your Spells              Type           Power        Failure   Level
a - Sandblast             Erth           ###...       1%          1

Your spell library contained the following spells:

 Spells                   Type           Power        Failure   Level
 Passwall                 Tmut/Erth      ##......     7%          2
 Stone Arrow              Conj/Erth      ##....       17%         3
 Petrify                  Tmut/Erth      ##......     41%         4
 Lee's Rapid Deconstruct  Erth           ###.......   50%         5


Dungeon Overview and Level Annotations

Branches:
Dungeon (1/1)

Altars:

Annotations:
D Erica


Innate Abilities, Weirdness & Mutations

You cannot wear most types of armour.
You are very stealthy in the water. (Stealth+)
You are amphibious.
You can wear up to eight rings at the same time.
You can use your tentacles to constrict eight enemies at once.
Your skin changes colour to match your surroundings (Stealth+).
Your rubbery body absorbs attacks. (AC +1, EV +1)


Message History

Something hits you. Something burns you.
Casting: Sandblast (safe; 1% risk of failure)
Confirm with . or Enter, or press ? or * to list all spells.
Press: ? - help, Shift-Dir - straight line The blast of sand hits something.
b - 21 stones Something hits you.
Something burns you.
Casting: Sandblast (safe; 1% risk of failure)
Confirm with . or Enter, or press ? or * to list all spells.
Press: ? - help, Shift-Dir - straight line The blast of sand hits something!
b - 20 stones You feel much better.
Something barely misses you.
Unknown command.
You feel yourself speed up. Something hits you! Something burns you.
Unknown command.
You closely miss something. Something hits you!
* * * LOW HITPOINT WARNING * * *
Something burns you.
You die...

##########++#####
#................
#......#..#......
#................
+................
#......#..#......
#................
####'#####''#####
#....){@# ''#
#.......# ....
#.......# ...@.
#...<...# ..####
#.......# ..+
#.......# ..#
#.......#
#########


There were no monsters in sight!

Vanquished Creatures
  Ijyb (D)
  A hobgoblin (D)
2 creatures vanquished.

Notes
Turn   | Place    | Note
-------+----------+-------------------------------------------
     0 | D        | sahdkjhfkaj the Octopode Earth Elementalist began the quest
                  | for the Orb.
     0 | D        | Reached XP level 1. HP: 11/11 MP: 3/3
    10 | D        | Noticed Erica
   286 | D        | Noticed Ijyb
   299 | D        | Killed Ijyb
   299 | D        | Reached skill level 5 in Earth Magic
   299 | D        | Reached XP level 2. HP: 12/17 MP: 0/6
   299 | D        | Reached XP level 3. HP: 15/21 MP: 0/7
   579 | D        | HP: 1/21 [something (8)]
   579 | D        | Slain by Erica

Illustrated notes

Levels and vault maps discovered:
D:        pitsprint [storerooms_1, entrance_room_1, metal_vault_8, armoury_2,
          mini_pit_1, grid_room_1, main_hall_1, silver_pit, the_coven_1,
          the_vestibule_1, steel_vault_3, golden_pit, hallway_of_sentries,
          crystal_vault_4, iron_vault_3, final_vault]

Skill      XL: |  1  2  3 |
---------------+----------+-----
Dodging        | 3 |  3.0
Stealth        | 3 4 |  4.0
Spellcasting   | 3 |  3.2
Earth Magic    | 5 |  5.0
Unarmed Combat | |  0.3
Transmutations | |  1.0

Action                   || total
-------------------------++-------
Melee: Unarmed           ||    16
       Constrict         ||     2
       Tentacles         ||     1
 Cast: Sandblast         ||    10
  Use: Potion            ||     4
Armor: Skin              ||     1
Dodge: Dodged            ||     8

Table legend: (Time is in decaauts)
 A = Elapsed time spent in this place.
 B = Non-inter-level travel time spent in this place.
 C = Inter-level travel time spent in this place.
 D = Time resting spent in this place.
 E = Time spent auto-exploring this place.
 F = Levels seen in this place.
 G = Mean time per level.
                   A        B        C        D        E       F      G
               +--------+--------+--------+--------+--------+-----+--------+
         Total |    583 |    583 |      0 |    536 |     10 |   1 |  583.0 |
       Dungeon |    583 |    583 |      0 |    536 |     10 |   1 |  583.0 |
               +--------+--------+--------+--------+--------+-----+--------+

Top non-repeatable levels by time:
       D: 583 daAuts
